 Dungeon Crawl Stone Soup version 0.30.0-5-g1a98f26d00 (webtiles) character file.

Game seed: 13718579696518381196

38 browni3141 the Grasshopper (level 3, -1/31 HPs)
             Began as an Armataur Warper on May 9, 2023.
             Slain by a goblin
             ... wielding a +0 club
              (2 damage)
             ... on level 2 of the Dungeon.
             The game lasted 00:00:50 (639 turns).

browni3141 the Grasshopper (Armataur Warper)         Turns: 639, Time: 00:00:50

Health: -1/31      AC:  4    Str: 18    XL:     3   Next: 25%
Magic:  5/5        EV:  9    Int: 13    God:
Gold:   45         SH:  0    Dex:  9    Spells: 5/5 levels left

rFire   . . .        a - +0 short sword
rCold   . . .        (no shield)
rNeg    . . .        b - +0 leather armour
rPois   .            (no helmet)
rElec   .            (no cloak)
rCorr   .            (no gloves)
SInv    .            (no barding)
Will    .....        (no amulet)
Stlth   ++           (no ring)
HPRegen 0.25/turn    (no ring)
MPRegen 0.09/turn

%: roll
@: no status effects
A: large, rugged brown scales 3, deformed body, armoured tail, roll, long
tongue, awkward tongue
a: no special abilities


You were on level 2 of the Dungeon.
You visited 1 branch of the dungeon, and saw 2 of its levels.

You collected 45 gold pieces.

Inventory:

Hand Weapons
 a - a +0 short sword (weapon)
Missiles
 P - 2 boomerangs
 T - 6 boomerangs of dispersal (quivered)
Armour
 b - a +0 leather armour (worn)
Scrolls
 c - a scroll of blinking
 R - a scroll of identify {unknown}
 W - a scroll of enchant armour {unknown}
 X - a scroll of butterflies {unknown}
 Z - a scroll of enchant weapon {unknown}
Potions
 Q - a potion of degeneration {unknown}
 S - 2 potions of resistance {unknown}
 U - a potion of berserk rage {unknown}
 V - a potion of haste {unknown}
 Y - a potion of lignification {unknown}


   Skills:
 - Level 1.7 Fighting
 - Level 1.7 Short Blades
 - Level 0.8 Throwing
 * Level 2.3 Armour
 - Level 1.3 Dodging
 - Level 3.0 Stealth
 - Level 1.7 Spellcasting
 - Level 3.0 Translocations


You had 5 spell levels left.
You didn't know any spells.
Your spell library contained the following spells:

 Spells                   Type           Power      Damage    Failure   Level
 Blink                    Tloc           16%        N/A       14%         2
 Lesser Beckoning         Tloc           16%        N/A       14%         2
 Teleport Other           Tloc           8%         N/A       26%         3
 Vhi's Electric Charge    Tloc/Air       10%        N/A       45%         3
 Manifold Assault         Tloc           8%         N/A       65%         4


Dungeon Overview and Level Annotations

Branches:
Dungeon (2/15)

Altars:


Innate Abilities, Weirdness & Mutations

You are completely covered in rugged brown scales. (AC +3, +7% HP)
Armour fits poorly on your strangely shaped body.
You have a long armoured tail.
You roll when moving toward enemies. (Rampage)
Your long tongue fully drains potion bottles. (2x potion effects)
Your tongue gives you trouble enunciating. (1.5x scroll delay)


Message History

Okay, then.
Okay, then.
Search for what [? for help]? armor You climb downwards.
There is a stone staircase leading up here.
You roll towards the kobold!
Found a stone staircase leading down.
You roll towards the kobold!
A goblin comes into view. It is wielding a +0 club.
The helpless kobold fails to defend itself.
You hit the kobold.
The kobold is severely wounded.
You miss the kobold.
The kobold is severely wounded.
The goblin shouts!
The kobold closely misses you.
You closely miss the kobold.
The kobold is severely wounded.
The kobold closely misses you.
You barely miss the kobold.
The kobold is severely wounded.
The kobold hits you with a +0 dagger.
You barely miss the kobold.
The kobold is severely wounded.
The kobold hits you but does no damage.
Jessica the Apprentice Sorceress comes into view.
She is wielding a +0 club.
Jessica shouts!
You hit the kobold.
You kill the kobold!
You roll towards Jessica!
You hit Jessica but do no damage. The goblin closely misses you.
Jessica hits you with a +0 club.
You hit Jessica.
Jessica is moderately wounded.
The goblin barely misses you. Jessica hits you but does no damage.
You closely miss Jessica.
Jessica is moderately wounded.
The goblin hits you with a +0 club. Jessica hits you but does no damage.
You barely miss Jessica. You tail-slap Jessica.
Jessica is heavily wounded.
The goblin closely misses you. Jessica barely misses you.
You barely miss Jessica.
Jessica is heavily wounded.
Jessica casts a spell at you. Pain shoots through your body!
The goblin hits you with a +0 club.
* * * LOW HITPOINT WARNING * * *
You are too injured to fight recklessly!
You are too injured to fight recklessly!
You are too injured to fight recklessly!
You are too injured to fight recklessly!
You closely miss Jessica.
Jessica is heavily wounded.
You hit Jessica.
You tail-slap Jessica, but do no damage.
Jessica is almost dead.
Jessica hits you with a +0 club.
* * * LOW HITPOINT WARNING * * *
The goblin hits you but does no damage.
Throw: 7 boomerangs (disperse)
Press: ? - help, Q - select action, (/) - cycle Shift-Dir - straight line, f - Jessica
Aim: Jessica, wielding a +0 club and wearing a +0 robe (almost dead, 52% to hit)
Okay, then.
You hit Jessica.
You kill Jessica!
The goblin closely misses you.
Training target 3.0 for Stealth reached!
Your Stealth skill increases to level 3!
You need to enable at least one skill for training.
Your Armour skill increases to level 2!
You have reached level 3!
Your experience leads to an increase in your attributes!
Increase (S)trength, (I)ntelligence, or (D)exterity?
You feel stronger. x2
Unknown command.
You hit the goblin.
The goblin is moderately wounded.
The goblin hits you with a +0 club.
* * * LOW HITPOINT WARNING * * *
You closely miss the goblin.
The goblin is moderately wounded.
The hobgoblin closely misses you. The goblin barely misses you.
You hit the goblin.
The goblin is heavily wounded.
The hobgoblin misses you. The goblin closely misses you.
You closely miss the goblin.
You tail-slap the goblin, but do no damage.
The goblin is heavily wounded.
The goblin hits you with a +0 club.
* * * LOW HITPOINT WARNING * * *
The hobgoblin hits you but does no damage.
You completely miss the goblin.
Your tail-slap misses the goblin.
The goblin is heavily wounded.
The hobgoblin hits you.
* * * LOW HITPOINT WARNING * * *
The goblin hits you but does no damage.
Throw: 7 boomerangs (disperse)
Press: ? - help, Q - select action, (/) - cycle Shift-Dir - straight line, f - goblin
Aim: a goblin, wielding a +0 club (heavily wounded, 43% to hit)
You throw a boomerang of dispersal.
The boomerang of dispersal closely misses the goblin.
The goblin hits you with a +0 club.
You die...

#......#
#......###
#........##
###.>.......
.."........#
...........#####
.......g.g......
.......)@#
........##
........#
......$.#####..
.......<.......
######.....#..g
....P...#
...~~~.P..#
...!~≈≈≈~~....


You could see a hobgoblin and a goblin.

Vanquished Creatures
  Jessica (D:2)
  2 endoplasms (D:1)
  3 goblins (D:1)
  3 kobolds
  A quokka (D:1)
  A bat (D:1)
  A frilled lizard (D:1)
12 creatures vanquished.

Notes
Turn   | Place    | Note
-------+----------+-------------------------------------------
     0 | D:1      | browni3141 the Armataur Warper began the quest for the Orb.
     0 | D:1      | Reached XP level 1. HP: 18/18 MP: 3/3
   269 | D:1      | Reached XP level 2. HP: 24/25 MP: 4/4
   329 | D:1      | Found a faded altar of an unknown god.
   624 | D:2      | Noticed Jessica
   633 | D:2      | Killed Jessica
   634 | D:2      | Reached skill level 3 in Stealth
   634 | D:2      | Reached XP level 3. HP: 6/31 MP: 5/5
   638 | D:2      | HP: 1/31 [hobgoblin (3)]
   639 | D:2      | Slain by a goblin

Illustrated notes

Levels and vault maps discovered:
D:1:      minmay_arrival_arboretum_small, layout_basic,
          shapermc_ecumenical_altar_venn, supply_closet_lemuel
D:2:      layout_rooms, guppyfry_early_lair_pool, uniq_robin, uniq_jessica,
          uniq_terence

Skill      XL: |  1  2 |
---------------+-------+-----
Stealth        | 2 3 |  3.0
Armour         | 2 |  2.3
Fighting       | |  1.7
Short Blades   | |  1.7
Throwing       | |  0.8
Dodging        | |  1.3
Spellcasting   | |  1.7
Translocations | |  3.0

Action                     || total
---------------------------++-------
  Melee: Short sword       ||    52
         Tailslap          ||     6
  Throw: Boomerang         ||     1
   Stab: Sleeping          ||     3
 Armour: Leather armour    ||    14
  Dodge: Dodged            ||    20
